 Dungeon Crawl Stone Soup version 0.31-a0-662-g684573625c (webtiles) character file.

Game seed: 17219833390068699653

420 pokeman the Magician (level 6, -12/34 HPs)
             Began as a Deep Elf Hedge Wizard on Sept 1, 2023.
             Killed by nerve-wracking pain
             ... invoked by an orc priest
              (14 damage)
             ... on level 4 of the Dungeon.
             The game lasted 00:12:21 (4515 turns).

pokeman the Magician (Deep Elf Hedge Wizard)        Turns: 4515, Time: 00:12:22

Health: -12/34     AC:  8    Str: 13    XL:     6   Next: 62%
Magic:  1/18       EV: 12    Int: 21    God:
Gold:   217        SH:  0    Dex: 14    Spells: 11/19 levels left

rFire   . . .        x - +2 dagger (venom)
rCold   . . .        (no shield)
rNeg    . . .        q - +3 leather armour
rPois   .            c - +0 hat
rElec   .            w - +0 cloak
rCorr   .            a - +0 pair of gloves
SInv    .            (no boots)
Will    .....        (no amulet)
Stlth   ++           o - +6 ring of strength
HPRegen 0.25/turn    (no ring)
MPRegen 0.16/turn

%: no passive effects
@: no status effects
A: no striking features
a: no special abilities


You were on level 4 of the Dungeon.
You visited 1 branch of the dungeon, and saw 4 of its levels.

You collected 217 gold pieces.

Inventory:

Hand Weapons
 v - the +8 quarterstaff "Weysuih" {flame, rF+ rCorr MP-9 Int+3}
   (You found it on level 4 of the Dungeon)

   Int+3:     It affects your intelligence (+3).
   rF+:       It protects you from fire.
   MP-9:      It affects your magic capacity (-9).
   rCorr:     It protects you from acid and corrosion.
 x - a +2 dagger of venom (weapon)
Armour
 a - a +0 pair of gloves (worn)
 c - a +0 hat (worn)
 q - a +3 leather armour (worn)
 w - a +0 cloak (worn)
Jewellery
 k - an amulet of guardian spirit
 m - a ring of fire
 o - a +6 ring of strength (left hand)
Scrolls
 g - 2 scrolls of teleportation {unknown}
 h - a scroll of brand weapon {unknown}
 r - a scroll of vulnerability {unknown}
 s - a scroll of revelation {unknown}
 t - a scroll of identify {unknown}
 u - a scroll of enchant weapon {unknown}
Potions
 b - a potion of heal wounds {unknown}
 d - a potion of magic
 e - 2 potions of attraction {unknown}
 f - a potion of curing {unknown}
 i - a potion of mutation {unknown}
 l - 2 potions of degeneration {unknown}
 n - a potion of cancellation {unknown}
 p - a potion of might {unknown}


   Skills:
 + Level 1.5 Fighting
 - Level 1.0 Armour
 - Level 3.0 Dodging
 - Level 3.0 Stealth
 * Level 7.3 Spellcasting
 + Level 3.3 Conjurations
 + Level 1.9 Summonings
 - Level 1.1 Translocations
 - Level 1.1 Air Magic
 - Level 1.0 Poison Magic


You had 11 spell levels left.
You knew the following spells:

 Your Spells              Type           Power      Damage    Failure   Level
a - Magic Dart            Conj           84%        1d7       2%          1
b - Mephitic Cloud        Conj/Pois/Air  15%        N/A       16%         3
c - Call Imp              Summ           32%        N/A       8%          2
d - Blink                 Tloc           24%        N/A       11%         2

Your spell library contained the following spells:

 Spells                   Type           Power      Damage    Failure   Level
 Momentum Strike          Conj/Tloc      34%        3d8       7%          2
 Slow                     Hex            28%        N/A       11%         1
 Lesser Beckoning         Tloc           24%        N/A       11%         2
 Cigotuvi's Dreadful Rot  Necr/Pois/Air  20%        N/A       12%         2
 Ensorcelled Hibernation  Hex/Ice        14%        N/A       16%         2
 Passwall                 Tmut/Erth      5%         N/A       16%         2
 Swiftness                Air            12%        N/A       21%         3
 Animate Dead             Necr           7%         N/A       71%         4
 Summon Forest            Summ/Tloc      7%         N/A       85%         5
 Summon Mana Viper        Hex/Summ       11%        N/A       90%         5
 Summon Cactus Giant      Summ           8%         N/A       100%        6
 Haunt                    Necr/Summ      5%         N/A       100%        7
 Borgnjor's Revivificati  Necr           3%         N/A       100%        8
 Infestation              Necr           3%         N/A       100%        8
 Death's Door             Necr           3%         N/A       100%        9


Dungeon Overview and Level Annotations

Branches:
Dungeon (4/15)
 Temple: D:4-7

Altars:
Kikubaaqudgha
Okawaru
Yredelemnul
The Shining One

Shops:
D:1 !

Annotations:
D:3 1 runed translucent door, particleface's ghost, amateur FoRe
D:4 Pikel


Message History

You kill the gnoll!
You catch the helpless gnoll completely off-guard!
You puncture the gnoll!
You kill the gnoll!
Things that are here:
a +0 club; a gnoll corpse You see here a +0 flail.
Things that are here:
a +0 spear; a +0 ring mail An orc priest comes into view.
It is wielding a +0 falchion.
You see here a +0 flail.
You see here a throwing net.
An orc comes into view. It is wielding a +0 short sword.
The orc shouts!
The orc moves out of view.
Casting: Mephitic Cloud (quite dangerous; 16% risk of failure)
Confirm with . or Enter, or press ? or * to list all spells.
Aiming: Mephitic Cloud (quite dangerous; 16% risk of failure)
Press: ? - help, Shift-Dir - straight line, f - orc priest
Aim: an orc priest, wielding a +0 falchion (chance to affect: 86%)
The ball explodes into a vile cloud!
The stinking cloud engulfs the orc priest but does no damage.
The orc priest is engulfed in noxious fumes.
Unknown command.
Unknown command.
The orc priest closely misses you.
You hit the orc priest.
The orc priest is poisoned.
The orc priest is moderately wounded.
The orc priest invokes the aid of Beogh against you.
Beogh smites you!
* * * LOW HITPOINT WARNING * * *
You hit the orc priest but do no damage.
The orc priest looks as sick as possible!
The orc priest is moderately wounded.
The orc priest barely misses you.
An orc wizard comes into view. It is wielding a +1 dagger of speed.
The orc wizard shouts!
The orc priest calls down the wrath of Beogh upon you.
Pain shoots through your body!
You die...

.# ...##.....#5#.... .####### o##
#...###.#### #.... .......#
..##.♣.# #....# ##### .......#
..#.♣.###.##.# .......#
#o#.♣.#......#.# .......#
#.##○#.♣.#.#..#.#.# '#######
#....o.....#..#.#.# ....#
####....###..#.#.# ..5.# ##@_)#
#).#.#.###.# ###.# #())#
#..#....... #.# #...###§.#...#
###.############.♣..##.g....#
#................♣......#.#.#
#$..........####.♣.#..>##.#g#
#.≈≈≈≈≈≈≈≈≈......♣........#g#
#.≈.......≈.####...########)..##g
#.≈.#####.≈.# #...# #....##


You could see an orc priest (extremely poisoned), an orc wizard and an orc.

Vanquished Creatures
  A phantom (D:4)
  3 lemures
  A gnoll sergeant (D:4)
  An orc priest (D:4)
  Ijyb (D:4)
  Terence (D:3)
  5 gnolls (D:4)
  4 adders
  A worm (D:2)
  4 dart slugs
  7 orcs
  8 ball pythons
  8 bats
  9 endoplasms
  3 giant cockroaches
  8 goblins
  8 hobgoblins
  7 kobolds
  6 quokkas
  2 frilled lizards (D:2)
  12 rats
100 creatures vanquished.

Notes
Turn   | Place    | Note
-------+----------+-------------------------------------------
     0 | D:1      | pokeman the Deep Elf Hedge Wizard began the quest for the
                  | Orb.
     0 | D:1      | Reached XP level 1. HP: 10/10 MP: 7/7
   185 | D:1      | Found a faded altar of an unknown god.
   244 | D:1      | Reached XP level 2. HP: 16/16 MP: 1/9
   596 | D:1      | Found Junimm's Distillery.
   641 | D:1      | Reached skill level 5 in Spellcasting
   833 | D:1      | Reached XP level 3. HP: 20/20 MP: 8/11
   837 | D:1      | Learned a level 3 spell: Mephitic Cloud
   840 | D:1      | Learned a level 2 spell: Call Imp
   843 | D:1      | Learned a level 2 spell: Blink
  1682 | D:2      | Reached skill level 1 in Armour
  1861 | D:2      | Reached skill level 1 in Fighting
  2278 | D:2      | Reached XP level 4. HP: 25/25 MP: 13/13
  2854 | D:3      | Noticed Terence
  2875 | D:3      | Killed Terence
  2932 | D:3      | Found a runed translucent door.
  2934 | D:3      | Noticed particleface's ghost (amateur FoRe)
  3105 | D:3      | Reached skill level 6 in Spellcasting
  3331 | D:4      | Identified the +8 quarterstaff "Weysuih" {flame, rF+ rCorr
                  | MP-9 Int+3}
  3337 | D:4      | Noticed Pikel
  3338 | D:4      | Noticed a lemure
  3338 | D:4      | Noticed a lemure
  3339 | D:4      | Noticed a lemure
  3364 | D:3      | Killed a lemure
  3410 | D:4      | Noticed a phantom
  3426 | D:4      | Killed a phantom
  3427 | D:4      | Reached skill level 1 in Poison Magic
  3427 | D:4      | Reached XP level 5. HP: 14/29 MP: 2/15
  3598 | D:4      | Found a basalt altar of Yredelemnul.
  3604 | D:4      | Found a glowing golden altar of the Shining One.
  3606 | D:4      | Noticed an angel
  3786 | D:4      | Killed a lemure
  3864 | D:4      | Reached skill level 1 in Air Magic
  4067 | D:4      | Reached XP level 6. HP: 34/34 MP: 8/17
  4140 | D:4      | Found an iron altar of Okawaru.
  4308 | D:4      | Found an ancient bone altar of Kikubaaqudgha.
  4448 | D:4      | Noticed Ijyb
  4475 | D:4      | Killed Ijyb
  4476 | D:4      | Reached skill level 7 in Spellcasting
  4515 | D:4      | Killed from afar by an orc priest

Illustrated notes

Levels and vault maps discovered:
D:1:      onia_arrival_mini_maze, layout_loops_ring, serial_co_window_serial,
          co_window_paths_a, co_window_paths_b, co_window_paths_b,
          co_window_paths_a, co_window_corner_a, co_window_of_opportunity_c,
          co_window_corner_cb, co_window_corner_cb, co_window_paths_e,
          co_window_4corner_a, glass_columns_a, glass_columns_b, serial_shops,
          shop, ebering_ecumenical_altar_mist
D:2:      layout_basic
D:3:      layout_rooms, ebering_ghost_inner_flame, minmay_goblin_kobold_house,
          uniq_terence
D:4:      layout_basic, grunt_temple_overflow_holy_war,
          nicolae_dithmenos_through_a_glass_darkly, kennysheep_little_box,
          mainiacjoe_overflow_brackets, mainiacjoe_overflow_boulevard,
          uniq_ijyb, uniq_pikel

Skill      XL: |  1  2  3  4  5  6 |
---------------+-------------------+-----
Spellcasting   | 5 6 7 |  7.3
Armour         | 1 |  1.0
Fighting       | 1 |  1.5
Conjurations   | 2 3 |  3.3
Stealth        | 3 |  3.0
Dodging        | 3 |  3.0
Poison Magic   | 1 |  1.0
Air Magic      | 1 |  1.1
Summonings     | |  1.9
Translocations | |  1.1

Action                     |  1- 3 |  4- 6 || total
---------------------------+-------+-------++-------
  Melee: Dagger            |    11 |    18 ||    29
         War axe           |     3 |    36 ||    39
         Punch             |       |     1 ||     1
   Cast: Magic Dart        |    94 |    96 ||   190
         Mephitic Cloud    |     1 |    19 ||    20
         Blink             |       |     1 ||     1
   Stab: Sleeping          |     1 |     1 ||     2
         Confused          |       |    10 ||    10
 Armour: Robe              |     8 |     4 ||    12
         Leather armour    |       |    32 ||    32
  Dodge: Dodged            |    11 |    37 ||    48

Table legend: (Time is in decaauts)
 A = Elapsed time spent in this place.
 B = Non-inter-level travel time spent in this place.
 C = Inter-level travel time spent in this place.
 D = Time resting spent in this place.
 E = Time spent auto-exploring this place.
 F = Levels seen in this place.
 G = Mean time per level.
                   A        B        C        D        E       F      G
               +--------+--------+--------+--------+--------+-----+--------+
         Total |   4525 |   4454 |     71 |    141 |   3526 |   4 | 1131.2 |
       Dungeon |   4525 |   4454 |     71 |    141 |   3526 |   4 | 1131.2 |
               +--------+--------+--------+--------+--------+-----+--------+

Top non-repeatable levels by time:
     D:1: 1438 daAuts
     D:4: 1144 daAuts
     D:2: 1119 daAuts
     D:3: 823 daAuts
